 Dungeon Crawl Stone Soup version 0.31-a0-1242-g57893ffec4 (webtiles) character file.

Game seed: 8361797511612110326

313301 Bnni the Acrobat (level 20, -7/112 HPs)
             Began as a Spriggan Hunter on Dec 16, 2023.
             Was a High Priest of Fedhas.
             Mangled by a spriggan berserker
             ... wielding a +0 rapier
              (33 damage)
             ... on level 2 of the Depths.
             The game lasted 02:33:48 (42076 turns).

Bnni the Acrobat (Spriggan Hunter)                 Turns: 42076, Time: 02:33:48

Health: -7/112     AC:  4    Str:  7    XL:     20   Next: 23%
Magic:  0/25       EV: 45    Int: 12    God:    Fedhas [*****.]
Gold:   2000       SH:  9    Dex: 28    Spells: 3/19 levels left

rFire   . . .        O - +5 hand cannon (freeze)
rCold   + + .        t - +2 buckler {reflect}
rNeg    + . .        r - +1 robe {rC+}
rPois   .            C - +0 hat "Tanas" {rN+ Dex+2}
rElec   +            R - +0 cloak of the Nightingale {rElec Will+ MP-9}
rCorr   .            (gloves unavailable)
SInv    +            (boots unavailable)
Will    ++++.        h - amulet of guardian spirit
Stlth   +++++++      d - +4 ring of slaying
HPRegen 0.38/turn    a - ring of protection from cold
MPRegen 0.19/turn

%: reflection, guardian spirit
@: very quick
A: very small, no large weapons, unfitting armour, see invisible, speed 3
}: 2/15 runes: serpentine, barnacled
a: Renounce Religion, Wall of Briars, Grow Ballistomycete, Overgrow, Grow Oklob


You were on level 2 of the Depths.
You worshipped Fedhas.
Fedhas was extremely pleased with you.
You visited 8 branches of the dungeon, and saw 37 of its levels.
You visited 1 bazaar.
You also visited: Gauntlet and Ice Cave.

You collected 4283 gold pieces.
You spent 2283 gold pieces at shops.

Inventory:

Hand Weapons
 O - a +5 hand cannon of freezing (weapon)
 W - a +0 quick blade
Missiles
 D - 4 curare-tipped darts
 S - 2 throwing nets
Armour
 r - a +1 robe of cold resistance (worn)
 t - a +2 buckler of reflection (worn)
 y - the +0 buckler of Distant Worlds {rPois rN++ rCorr Dex-4}
   (You bought it in a shop on level 3 of the Snake Pit)

   Dex-4:     It affects your dexterity (-4).
   rPois:     It protects you from poison rN++: It greatly protects you from
   negative energy.
   rCorr:     It protects you from acid and corrosion.
 C - the +0 hat "Tanas" (worn) {rN+ Dex+2}
   (You bought it in a shop on level 3 of the Snake Pit)

   Dex+2:     It affects your dexterity (+2).
   rN+:       It protects you from negative energy.
 R - the +0 cloak of the Nightingale (worn) {rElec Will+ MP-9}
   (You found it in a Gauntlet)

   rElec:     It insulates you from electricity.
   Will+:     It increases your willpower.
   MP-9:      It affects your magic capacity (-9).
Jewellery
 a - a ring of protection from cold (right hand)
 b - the ring "Jennuimm" {Fly rF+ Str-4 SInv}
   (You found it on level 7 of the Dungeon)

   [ring of flight]

   Str-4:     It affects your strength (-4).
   rF+:       It protects you from fire.
   SInv:      It lets you see invisible.
   Fly:       It grants you flight.
 d - a +4 ring of slaying (left hand)
 e - a ring of resist corrosion
 h - an amulet of guardian spirit (around neck)
 l - a ring of fire
 x - the ring "Hoistuume" {rPois Dex+3}
   (You found it on level 4 of the Snake Pit)

   [ring of poison resistance]

   Dex+3:     It affects your dexterity (+3).
   rPois:     It protects you from poison
 E - the ring of the Jester {^Drain rPois EV+5 Str+3}
   (You found it on level 7 of the Dungeon)

   [ring of evasion]

   EV+5:      It affects your evasion (+5).
   Str+3:     It affects your strength (+3).
   rPois:     It protects you from poison ^Drain: It drains your maximum health
   when unequipped.
 I - the ring "Zad Gale" {rC+ rN+ Will+ Str-5 Int+3}
   (You found it on level 1 of the Shoals)

   [ring of protection from cold]

   Str-5:     It affects your strength (-5).
   Int+3:     It affects your intelligence (+3).
   rC+:       It protects you from cold.
   rN+:       It protects you from negative energy.
   Will+:     It increases your willpower.
Wands
 w - a wand of light (28)
 A - a wand of flame (65)
 F - a wand of paralysis (36)
 K - a wand of mindburst (26)
 Y - a wand of iceblast (30)
 Z - a wand of digging (6)
Scrolls
 c - 5 scrolls of immolation
 f - 14 scrolls of identify
 m - 3 scrolls of blinking
 n - 7 scrolls of fear
 p - 2 scrolls of vulnerability
 q - 6 scrolls of revelation
 s - 14 scrolls of teleportation
 u - 5 scrolls of enchant armour
 J - a scroll of brand weapon
 M - 2 scrolls of summoning
 Q - 3 scrolls of fog
Potions
 g - 4 potions of heal wounds
 i - 6 potions of mutation
 j - 4 potions of berserk rage
 k - 2 potions of resistance
 o - 11 potions of curing
 v - 9 potions of haste
 z - 5 potions of might
 B - 9 potions of enlightenment
 H - a potion of invisibility
 L - 4 potions of cancellation
 P - 3 potions of magic
 T - 2 potions of ambrosia
 X - a potion of lignification
Miscellaneous
 G - a phial of floods
 N - a phantom mirror
 U - a box of beasts
 V - a lightning rod (4/4)


   Skills:
 + Level 14.6 Fighting
 - Level 4.1 Short Blades
 - Level 18.0 Ranged Weapons
 + Level 21.6 Dodging
 - Level 16.8 Stealth
 - Level 4.0 Shields
 - Level 8.0 Hexes
 - Level 12.0 Translocations
 + Level 19.6 Invocations


You had 3 spell levels left.
You knew the following spells:

 Your Spells              Type           Power      Damage    Failure   Level
a - Apportation           Tloc           56%        N/A       1%          1
b - Blink                 Tloc           56%        N/A       1%          2
c - Dimensional Bullseye  Hex/Tloc       12%        N/A       9%          4
d - Passage of Golubria   Tloc           28%        N/A       3%          4
j - Yara's Violent Unrav  Hex/Tmut       4%         3d4       95%         5

Your spell library contained the following spells:

 Spells                   Type           Power      Damage    Failure   Level
 Lesser Beckoning         Tloc           56%        N/A       1%          2
 Gell's Gravitas          Tloc           28%        N/A       1%          3
 Jinxbite                 Hex            38%        N/A       3%          2
 Confusing Touch          Hex            19%        N/A       6%          3
 Sigil of Binding         Hex            19%        N/A       6%          3
 Momentum Strike          Conj/Tloc      28%        3d8       7%          2
 Ensorcelled Hibernation  Hex/Ice        18%        N/A       16%         2
 Summon Guardian Golem    Hex/Summ       9%         N/A       30%         3
 Magic Dart               Conj           0%         1d3       45%         1
 Necrotise                Necr           0%         1d4       45%         1
 Summon Small Mammal      Summ           0%         N/A       45%         1
 Cigotuvi's Dreadful Rot  Necr/Pois/Air  0%         N/A       61%         2
 Searing Ray              Conj           0%         2d4       61%         2
 Sublimation of Blood     Necr           0%         N/A       61%         2
 Call Canine Familiar     Summ           0%         N/A       83%         3
 Frozen Ramparts          Ice            0%         1d1       83%         3
 Hailstorm                Conj/Ice       0%         3d5       83%         3
 Ignite Poison            Fire/Tmut/Pois 0%         N/A       83%         3
 Ozocubu's Armour         Ice            0%         N/A       83%         3
 Fulminant Prism          Conj/Hex       4%         3d5       69%         4
 Leda's Liquefaction      Hex/Erth       4%         N/A       69%         4
 Summon Forest            Summ/Tloc      7%         N/A       77%         5
 Metabolic Englaciation   Hex/Ice        4%         N/A       95%         5
 Silence                  Hex/Air        4%         N/A       95%         5
 Animate Dead             Necr           0%         N/A       99%         4
 Brom's Barrelling Bould  Conj/Erth      0%         2d3       99%         4
 Dispel Undead            Necr           0%         3d6       99%         4
 Petrify                  Tmut/Erth      0%         N/A       99%         4
 Alistair's Intoxication  Tmut/Pois      0%         N/A       100%        5
 Borgnjor's Vile Clutch   Necr/Erth      0%         N/A       100%        5
 Fireball                 Conj/Fire      0%         3d3       100%        5
 Freezing Cloud           Conj/Ice/Air   0%         6-21      100%        5
 Irradiate                Conj/Tmut      0%         3d11      100%        5
 Iskenderun's Battlesphe  Conj           0%         2d6       100%        5
 Lee's Rapid Deconstruct  Erth           0%         3d4*      100%        5
 Bombard                  Conj/Erth      0%         9d1       100%        6
 Conjure Ball Lightning   Conj/Air       0%         3x3d6     100%        6
 Death Channel            Necr           0%         N/A       100%        6
 Haunt                    Necr/Summ      0%         N/A       100%        7
 Malign Gateway           Summ/Tloc      7%         N/A       100%        7
 Orb of Destruction       Conj           0%         9d5       100%        7
 Ozocubu's Refrigeration  Ice            0%         4d7       100%        7
 Borgnjor's Revivificati  Necr           0%         N/A       100%        8
 Lehudib's Crystal Spear  Conj/Erth      0%         10d2      100%        8
 Summon Horrible Things   Summ           0%         N/A       100%        8
 Death's Door             Necr           0%         N/A       100%        9


Dungeon Overview and Level Annotations

Branches:
Dungeon (15/15)            Temple (1/1) D:5            Lair (5/5) D:9
 Shoals (4/4) Lair:2        Snake (4/4) Lair:3        Slime (0/5) Lair:5
    Orc (2/2) D:12            Elf (0/3) Orc:2        Vaults (4/5) D:13
  Crypt (0/3) Vaults:3     Depths (2/4) D:15          IceCv (visited)
Gauntlet (visited)

Altars:
Ashenzari
Cheibriados
Dithmenos
Elyvilon
Fedhas
Gozag
Hepliaklqana
Kikubaaqudgha
Makhleb
Nemelex Xobeh
Okawaru
Qazlal
Ru
Sif Muna
Trog
Uskayaw
Vehumet
Wu Jian
Xom
Yredelemnul
Zin
The Shining One
Jiyva

Shops:
D:2 [   D:7 ?!   D:15 ?   Orc:2 =(*?   Shoals:1 :   Snake:1 =   Snake:2 *(=*
Snake:3 ==[([   Vaults:4 =

Portals:
Hell: Depths:1
Pandemonium: Depths:1
Trove: Depths:1 (give +8 demon trident)

Annotations:
D:7 1 transporter, Grum; peterlawrence's ghost, amateur MiFi
D:12 2 transporters, Malachi's ghost, journeyman VSCK
Depths:1 1 runed translucent door, Xieb Yco's ghost, veteran DjFE


Innate Abilities, Weirdness & Mutations

You are very small and have problems with some larger weapons.
You are too small for most types of armour.
You have supernaturally acute eyesight. (SInv)
You cover ground extremely quickly. (Speed+++)


Message History

The cyan ugly thing is moderately wounded.
The explosion of spores engulfs you!!
You are more confused.
The purple ugly thing basks in the mutagenic energy from its kin and changes!
A purple ugly thing comes into view.
The cyan ugly thing basks in the mutagenic energy from its kin and changes!
The cyan ugly thing trunk-slaps your ballistomycete.
The cyan ugly thing shocks your ballistomycete!
You hear a horrible gurgling sound!
A ballistomycete spore comes into view.
Okay, then.
You're too confused to move!
The bolt of lightning misses the purple ugly thing.
A bolt of lightning appears from out of your range of vision.
The bolt of lightning hits your ballistomycete!!
The bolt of lightning hits your ballistomycete!!!
The spriggan berserker prays to Trog.
The spriggan berserker goes berserk!
Your ballistomycete spore explodes!
The explosion of spores engulfs you!!!
You are more confused.
* * * LOW HITPOINT WARNING * * *
The cyan ugly thing appears confused.
The explosion of spores engulfs the cyan ugly thing!!
You kill the cyan ugly thing!
Fedhas appreciates your contribution to the ecosystem.
The brown ugly thing appears confused.
The explosion of spores engulfs the brown ugly thing!!
The brown ugly thing is almost dead.
The purple ugly thing engulfs your ballistomycete!!
Your ballistomycete is destroyed!
Your ballistomycete disappears in a puff of smoke!
You hear a horrible gurgling sound!
You hear a shout!
You feel better.
You hear a shout!
The brown ugly thing barely misses the spriggan berserker.
The spriggan berserker attacks as it pursues you!
The spriggan berserker hits you with a +0 rapier!!!
You die...
Fedhas appreciates your contribution to the ecosystem.

# ##.##.## #
#......#
#.####.# ###
#......# ..#
##.##.## ...
#......# ..#
###..### ...
#......# #..
##.##@## #.
#### #.ui.#
#..#####†u##
#...##..u.#
#...#[u#i##
##>...†#..#
#......#..#
##.#..###..#
###.u# ....


You could see 4 ugly things, a spriggan rider and a spriggan berserker
(berserk).

Vanquished Creatures
  Zenata (Vaults:4)
  Jorgrun (Orc:2)
  A tentacled monstrosity (Shoals:1)
  A kraken (Shoals:1)
  Aizul (Vaults:3)
  2 tengu reavers
  Polyphemus (Shoals:2)
  Donald (Orc:2)
  3 nagarajas (Snake:4)
  Ilsuiw (Shoals:2)
  2 deep elf sorcerers
  2 fire giants (Depths:2)
  6 vault wardens
  A frost giant (Vaults:3)
  Louise (Shoals:2)
  6 ironbound preservers
  4 stone giants
  A war gargoyle (Vaults:4)
  A formless jellyfish (Vaults:2)
  3 very ugly things
  6 ironbound thunderhulks
  19 dire elephants
  A deep elf demonologist (Vaults:1)
  Azrael (Orc:2)
  A minotaur (Gauntlet)
  5 ettins
  5 crystal guardians
  A merfolk javelineer (Shoals:4)
  7 merfolk impalers
  A rakshasa (Depths:1)
  An entropy weaver (Vaults:4)
  Erolcha (Orc:2)
  5 great orbs of eyes
  8 vault guards
  3 hydras
  Fannar (Lair:3)
  6 yaktaur captains
  3 ice dragons (Depths:2)
  A salamander tyrant (Snake:2)
  12 anacondas
  5 peacekeepers
  5 merfolk avatars
  4 catoblepae
  Erica (D:10)
  4 centaur warriors
  10 ironbound frosthearts
  A boulder beetle (D:14)
  5 merfolk aquamancers
  An ogre mage (D:13)
  3 tengu warriors
  An alligator snapping turtle (Shoals:4)
  2 satyrs (Shoals:4)
  4 two-headed ogres
  10 death yaks
  17 naga warriors
  A spriggan berserker (Depths:1)
  An orc high priest (Orc:2)
  Nergalle (Lair:2)
  Sonja (Lair:5)
  9 naga sharpshooters
  A sun demon (Depths:1)
  3 shock serpents
  3 skysharks
  2 deep elf knights (D:13)
  2 salamander mystics
  Amaemon (Lair:3)
  3 deep trolls (Vaults:4)
  11 sea snakes
  4 naga ritualists
  A flayed ghost (Depths:1)
  6 lindwurms
  11 orc knights
  A necromancer (Vaults:3)
  8 arcanists
  A phantasmal warrior (Vaults:3)
  11 ironbound convokers
  2 harpies (shapeshifter)
  9 mana vipers
  18 harpies
  32 ugly things
  4 orc sorcerers
  14 salamanders
  28 elephants (Lair:5)
  11 fauns
  8 cyclopes
  Maurice (Orc:2)
  20 manticores
  6 guardian serpents
  Joseph (D:8)
  25 black mambas
  A water nymph (shapeshifter) (Vaults:4)
  11 merfolk sirens
  3 ice statues (IceCv)
  An orange demon (Lair:3)
  14 naga magi
  22 vault sentinels
  21 cane toads
  3 gargoyles (D:13)
  8 kobold blastminers
  4 kobold demonologists
  7 yaktaurs
  2 unseen horrors
  6 rime drakes
  10 komodo dragons
  An efreet (D:15)
  A freezing wraith (IceCv)
  3 tengu conjurers (D:13)
  27 merfolk
  3 meliai (Gauntlet)
  12 trolls
  2 polar bears (Lair:5)
  4 saltlings (Orc:2)
  2 wind drakes
  19 blink frogs
  A raiju (Gauntlet)
  14 snapping turtles
  2 dream sheep (Shoals:4)
  3 wraiths
  9 water elementals
  17 slime creatures
  45 yaks
  2 basilisks
  Eustachio (D:6)
  4 fire bats (D:14)
  3 fire elementals
  A hog (shapeshifter) (D:15)
  2 wyverns
  2 steam dragons
  2 vampires (D:11)
  A death yak simulacrum (IceCv)
  Menkaure (D:6)
  2 harpy simulacra (IceCv)
  48 nagas
  2 swamp worms (Gauntlet)
  3 wargs
  12 water moccasins
  3 hell hounds
  25 orc warriors
  7 ice beasts
  A sky beast (D:5)
  4 black bears
  8 ogres
  4 wolves (Lair:5)
  9 centaurs
  A kobold brigand (D:11)
  2 phantoms
  15 bullfrogs
  A gnoll sergeant (D:9)
  3 cane toad simulacra (IceCv)
  3 scorpions
  2 wights (D:7)
  An elephant simulacrum (IceCv)
  A howler monkey (D:11)
  An electric eel (Lair:2)
  2 lava snakes (D:14)
  3 hounds
  8 jellies
  19 orc priests
  5 iguanas
  20 orc wizards
  A polar bear simulacrum (IceCv)
  A wolf simulacrum (IceCv)
  5 gnolls
  7 adders
  A shadow imp (D:8)
  A worm (D:4)
  2 dart slugs
  81 orcs
  6 ball pythons
  7 endoplasms
  3 giant cockroaches
  5 goblins
  5 hobgoblins
  6 jackals
  3 quokkas
  2 bats (D:2)
  5 frilled lizards
  10 kobolds
  9 rats
  2 ballistomycete spores
  3 tentacles (Shoals:1)
1139 creatures vanquished.

Vanquished Creatures (collateral kills)
  3 nagarajas (Snake:4)
  Roxanne (Shoals:4)
  An ironbound preserver (Vaults:3)
  An ironbound thunderhulk (Vaults:1)
  2 dire elephants (Vaults:3)
  A merfolk impaler (Shoals:4)
  2 crystal guardians
  2 merfolk javelineers (Shoals:4)
  A yaktaur captain (Vaults:1)
  A peacekeeper (Vaults:2)
  A merfolk avatar (Shoals:4)
  A boulder beetle (D:9)
  3 anacondas (Snake:4)
  A naga warrior (Snake:4)
  A shock serpent (Snake:2)
  2 naga sharpshooters (Snake:4)
  A salamander mystic (Snake:2)
  6 sea snakes
  3 naga ritualists
  A mana viper (Snake:4)
  A harpy (Shoals:4)
  2 merfolk sirens (Shoals:2)
  3 black mambas
  A guardian serpent (Snake:4)
  2 vault sentinels
  A naga mage (Snake:2)
  2 merfolk (Shoals:4)
  A polar bear (D:9)
  A wind drake (Shoals:4)
  2 snapping turtles (Shoals:4)
  7 nagas
  An orc (Orc:2)
  59 ballistomycete spores
  A tentacle (Shoals:1)
119 creatures vanquished.

Vanquished Creatures (others)
  A black bear (D:6)
  A wight (D:7)
  A hound (D:7)
  An orc (Orc:1)
  7 ballistomycete spores
  7 tentacles (Shoals:1)
18 creatures vanquished.

Grand Total: 1276 creatures vanquished

Notes
Turn   | Place    | Note
-------+----------+-------------------------------------------
     0 | D:1      | Bnni the Spriggan Hunter began the quest for the Orb.
     0 | D:1      | Reached XP level 1. HP: 10/10 MP: 2/2
   253 | D:1      | Reached skill level 3 in Dodging
   255 | D:1      | Reached XP level 2. HP: 15/15 MP: 3/3
  1070 | D:2      | Reached XP level 3. HP: 18/18 MP: 4/4
  1205 | D:2      | Found Yshual's Antique Armour Emporium.
  1900 | D:3      | Found a glowing golden altar of the Shining One.
  2185 | D:3      | Reached XP level 4. HP: 23/23 MP: 5/5
  2424 | D:4      | Reached skill level 5 in Ranged Weapons
  2424 | D:4      | Reached skill level 4 in Dodging
  2439 | D:4      | Reached XP level 5. HP: 27/27 MP: 6/6
  2552 | D:4      | Noticed a phantom
  2561 | D:4      | Killed a phantom
  2637 | D:4      | Reached XP level 6. HP: 32/32 MP: 7/7
  2669 | D:4      | Reached skill level 5 in Dodging
  2793 | D:4      | Found a sparkling altar of Nemelex Xobeh.
  3038 | D:5      | Entered Level 5 of the Dungeon
  3043 | D:5      | Found a staircase to the Ecumenical Temple.
  3061 | Temple   | Entered the Ecumenical Temple
  3072 | Temple   | Became a worshipper of Fedhas Madash
  3173 | D:5      | Found a stormy altar of Qazlal.
  3173 | D:5      | Noticed a sky beast
  3184 | D:5      | Killed a sky beast
  3285 | D:5      | Reached skill level 1 in Invocations
  3285 | D:5      | Reached XP level 7. HP: 36/36 MP: 8/8
  3779 | D:5      | Reached skill level 6 in Dodging
  4421 | D:6      | Reached XP level 8. HP: 31/42 MP: 10/10
  4683 | D:6      | Found a snail-covered altar of Cheibriados.
  4928 | D:6      | Reached * piety under Fedhas
  4937 | D:6      | Noticed Menkaure
  4945 | D:6      | Killed Menkaure
  5078 | D:6      | Noticed Eustachio
  5098 | D:6      | Killed Eustachio
  5099 | D:6      | Reached skill level 7 in Dodging
  5293 | D:6      | Found a white marble altar of Elyvilon.
  5561 | D:7      | Found Duemagus's Magic Scroll Shoppe.
  5778 | D:7      | Reached XP level 9. HP: 40/46 MP: 11/13
  5795 | D:7      | Bought a scroll of identify for 26 gold pieces
  5795 | D:7      | Bought a scroll of identify for 26 gold pieces
  5795 | D:7      | Bought a scroll of teleportation for 39 gold pieces
  5818 | D:7      | Identified the +5 trident "Ewiylis" {venom, Fly rPois rN+++
                  | Dex-4}
  5834 | D:7      | Noticed peterlawrence's ghost (amateur MiFi)
  5902 | D:7      | Found a transporter.
  5903 | D:7      | Found a transporter.
  5978 | D:7      | Found a hazy altar of Hepliaklqana.
  6055 | D:7      | Found Oxunoefe's Distillery.
  6070 | D:7      | Bought a potion of degeneration for 12 gold pieces
  6106 | D:7      | Found an opulent altar of Gozag.
  6194 | D:7      | Reached skill level 8 in Dodging
  6438 | D:7      | Noticed Grum
  6701 | D:7      | Identified the ring "Jennuimm" {Fly rF+ Str-4 SInv}
  6704 | D:7      | Identified the ring of the Jester {^Drain rPois EV+5 Str+3}
  6818 | D:8      | Noticed Joseph
  6831 | D:8      | Killed Joseph
  6832 | D:8      | Reached skill level 5 in Fighting
  6981 | D:8      | Noticed a troll
  7009 | D:8      | Killed a troll
  7010 | D:8      | Reached skill level 10 in Ranged Weapons
  7058 | D:8      | Reached ** piety under Fedhas
  7155 | D:8      | Reached skill level 5 in Invocations
  7187 | D:8      | Reached skill level 9 in Dodging
  7258 | D:8      | Noticed a catoblepas
  7377 | D:8      | Killed a catoblepas
  7378 | D:8      | Reached XP level 10. HP: 42/53 MP: 13/15
  8347 | D:9      | Found a staircase to the Lair.
  8358 | D:9      | Noticed a boulder beetle
  8415 | D:9      | Killed a boulder beetle
  8416 | D:9      | Reached skill level 10 in Dodging
  8927 | D:9      | Reached *** piety under Fedhas
  9031 | D:10     | Entered Level 10 of the Dungeon
  9035 | D:10     | Found a burning altar of Makhleb.
  9160 | D:10     | Identified the +5 mace of the Uplifting Gods {freeze, rN+
                  | Str+2}
  9182 | D:10     | Found a shimmering altar of Xom.
  9182 | D:10     | Noticed a two-headed ogre
  9186 | D:10     | Killed a two-headed ogre
  9264 | D:10     | Noticed Erica
  9278 | D:10     | Killed Erica
  9460 | D:11     | You fall into a shaft and drop 2 floors!
  9468 | D:13     | Reached XP level 11. HP: 58/58 MP: 17/17
  9522 | D:12     | Found a staircase to the Orcish Mines.
  9560 | D:12     | Found a frozen archway.
  9672 | IceCv    | Entered an ice cave
  9756 | IceCv    | Noticed a white ugly thing
  9776 | IceCv    | Killed a white ugly thing
 10060 | IceCv    | Reached skill level 11 in Dodging
 10117 | IceCv    | Reached **** piety under Fedhas
 10211 | IceCv    | Found the +2 Maxwell's thermic engine {flame, freeze, rev}
 10319 | D:12     | Reached skill level 15 in Ranged Weapons
 11028 | D:11     | Found the +10 dark maul {heavy}
 11435 | D:11     | Reached XP level 12. HP: 64/64 MP: 19/19
 11568 | D:12     | Reached skill level 12 in Dodging
 11639 | D:12     | Found a transporter.
 11641 | D:12     | Found a transporter.
 11641 | D:12     | Noticed Malachi's ghost (journeyman VSCK)
 11643 | D:12     | Noticed a tengu warrior
 11872 | D:12     | Reached ***** piety under Fedhas
 12166 | D:13     | Noticed a centaur warrior
 12174 | D:13     | Killed a centaur warrior
 12369 | D:13     | Noticed a vault guard
 12414 | D:13     | Noticed a vault guard
 12434 | D:13     | Killed a vault guard
 12477 | D:13     | Killed a vault guard
 12478 | D:13     | Reached skill level 13 in Dodging
 12481 | D:13     | Noticed an ogre mage
 12487 | D:13     | Killed an ogre mage
 12497 | D:13     | Noticed a vault guard
 12514 | D:13     | Killed a vault guard
 12519 | D:13     | Noticed a vault guard
 12541 | D:13     | Killed a vault guard
 12564 | D:13     | Noticed a vault guard
 12594 | D:13     | Killed a vault guard
 12607 | D:13     | Found a gate to the Vaults.
 12618 | D:13     | Identified the +3 spear of Inogucaa {elec, Fly}
 12795 | D:13     | Reached XP level 13. HP: 24/69 MP: 21/21
 13328 | D:14     | Found a gate leading to a gauntlet.
 13332 | Gauntlet | Entered a Gauntlet
 13332 | Gauntlet | Found a transporter.
 13342 | Gauntlet | Found a transporter.
 13357 | Gauntlet | Found a transporter.
 13357 | Gauntlet | Found a transporter.
 13364 | Gauntlet | Found a transporter.
 13378 | Gauntlet | Noticed a quicksilver ooze
 13381 | Gauntlet | Found a transporter.
 13393 | Gauntlet | Found a transporter.
 13404 | Gauntlet | Found a transporter.
 13405 | Gauntlet | Found a runed translucent door.
 13406 | Gauntlet | Found a runed translucent door.
 13409 | Gauntlet | Found a transporter.
 13409 | Gauntlet | Found a transporter.
 13434 | Gauntlet | Found a transporter.
 13436 | Gauntlet | Found a transporter.
 13489 | Gauntlet | Found a transporter.
 13501 | Gauntlet | Found a transporter.
 13578 | Gauntlet | Got the Guide on the Curse
 13750 | Gauntlet | Identified the +0 cloak of the Nightingale {rElec Will+
                  | MP-9}
 13777 | Gauntlet | Noticed a minotaur
 13807 | Gauntlet | Killed a minotaur
 13818 | Gauntlet | Identified the +1 chain mail of Jigsaw {Int+5}
 13819 | Gauntlet | Got the Monograph on the Transmuted Deep Freeze
 13830 | Gauntlet | Identified the +0 robe of Ihusm {Fly Str+2}
 13831 | Gauntlet | Got the Lectures on Bad Luck
 13984 | Lair:1   | Entered Level 1 of the Lair of Beasts
 14202 | Lair:1   | Reached skill level 10 in Invocations
 14230 | Lair:1   | Identified the +1 trident "Ruicvoph" {heavy, rElec rF+
                  | Str+2}
 14340 | Lair:1   | Identified the +0 war axe "Yddenes" {drain, rElec MP-9
                  | Dex+9}
 14661 | Lair:2   | Reached skill level 14 in Dodging
 15029 | Lair:2   | Noticed Nergalle
 15044 | Lair:2   | Killed Nergalle
 15089 | Lair:2   | Reached ****** piety under Fedhas
 15319 | Lair:2   | Found a staircase to the Shoals.
 15826 | Lair:3   | Noticed Amaemon
 15834 | Lair:3   | Killed Amaemon
 15835 | Lair:3   | Reached skill level 15 in Dodging
 15857 | Lair:3   | Reached skill level 10 in Fighting
 15857 | Lair:3   | Reached XP level 14. HP: 76/77 MP: 14/23
 15890 | Lair:3   | Found a staircase to the Snake Pit.
 15924 | Lair:3   | Noticed Fannar
 15932 | Lair:3   | Killed Fannar
 17051 | Lair:5   | Entered Level 5 of the Lair of Beasts
 17051 | Lair:5   | Noticed Sonja
 17791 | Lair:5   | Reached skill level 16 in Dodging
 17791 | Lair:5   | Reached skill level 5 in Stealth
 17949 | Lair:5   | Found a viscous altar of Jiyva.
 17949 | Lair:5   | Found a staircase to the Slime Pits.
 18062 | Lair:5   | Killed Sonja
 18488 | Lair:5   | Identified the +4 plate armour of Beogh, Hungering {-Cast
                  | rElec Slay+3}
 18493 | Lair:5   | Got an earthy gem
 18765 | Orc:1    | Entered Level 1 of the Orcish Mines
 18955 | Orc:1    | Reached XP level 15. HP: 73/82 MP: 12/25
 19010 | Orc:1    | Reached skill level 1 in Short Blades
 19411 | Orc:2    | Entered Level 2 of the Orcish Mines
 19436 | Orc:2    | Noticed Erolcha
 19444 | Orc:2    | Killed Erolcha
 19576 | Orc:2    | Noticed Maurice
 19593 | Orc:2    | Killed Maurice
 19873 | Orc:2    | Noticed Donald
 19882 | Orc:2    | Killed Donald
 20064 | Orc:2    | Found a staircase to the Elven Halls.
 20344 | Orc:2    | Noticed Jorgrun
 20357 | Orc:2    | Killed Jorgrun
 20733 | Orc:2    | Noticed Azrael
 20767 | Orc:2    | Killed Azrael
 20776 | Orc:2    | Found Nazuk's General Store.
 20780 | Orc:2    | Reached skill level 17 in Dodging
 20780 | Orc:2    | Found Vukhleach's Weapon Shoppe.
 20790 | Orc:2    | Bought a scroll of identify for 32 gold pieces
 20909 | Orc:2    | Found Hymev's Magic Scroll Shoppe.
 21140 | Orc:2    | Bought a scroll of identify for 22 gold pieces
 21168 | Orc:2    | Found Rijy's Jewellery Shop.
 21409 | Snake:1  | Entered Level 1 of the Snake Pit
 21631 | Snake:1  | Learned a level 1 spell: Apportation
 21634 | Snake:1  | Learned a level 2 spell: Blink
 21686 | Snake:1  | Reached skill level 1 in Translocations
 21958 | Snake:1  | Found Gikhleid's Jewellery Emporium.
 21966 | Snake:1  | Found Welymeh's Antique Armour Emporium.
 22214 | Snake:1  | Learned a level 4 spell: Dimensional Bullseye
 22718 | Snake:2  | Reached skill level 10 in Stealth
 22914 | Snake:2  | Reached XP level 16. HP: 84/88 MP: 18/27
 22916 | Snake:2  | Reached skill level 5 in Translocations
 23029 | Snake:2  | HP: 4/88 [naga sharpshooter/arrow (17)]
 23410 | Snake:2  | Found Berphag's Jewellery Emporium.
 23415 | Snake:2  | Found Kiebb's General Store.
 23415 | Snake:2  | Found Noyrgh's Assorted Antiques.
 23418 | Snake:2  | Found Ovamirgha's Antique Weapon Shoppe.
 23477 | Snake:2  | Bought a scroll of enchant weapon for 187 gold pieces
 23477 | Snake:2  | Bought a scroll of identify for 50 gold pieces
 23477 | Snake:2  | Bought a scroll of identify for 50 gold pieces
 23710 | Snake:2  | Reached skill level 15 in Invocations
 24320 | Snake:2  | You fall into a shaft and drop 1 floor!
 24378 | Snake:3  | Reached skill level 18 in Dodging
 24607 | Snake:3  | Found Kucar's Jewellery Emporium.
 24811 | Snake:3  | Learned a level 5 spell: Yara's Violent Unravelling
 24816 | Snake:3  | Found Voqar's Antique Weapon Shoppe.
 24853 | Snake:3  | Found Epocexecko's Antique Armour Emporium.
 24861 | Snake:3  | Bought a runed buckler for 127 gold pieces
 24861 | Snake:3  | Bought a crude hat for 153 gold pieces
 24861 | Snake:3  | Identified the +0 hat "Tanas" {rN+ Dex+2} (You bought it in
                  | a shop on level 3 of the Snake Pit)
 24933 | Snake:3  | Reached skill level 1 in Hexes
 25023 | Snake:3  | Found Kuothiuto's Armour Boutique.
 25103 | Snake:3  | Found Rej Qije's Jewellery Shop.
 25111 | Snake:3  | Bought an amulet of guardian spirit for 510 gold pieces
 25175 | Snake:4  | Entered Level 4 of the Snake Pit
 25207 | Snake:4  | Identified the ring "Hoistuume" {rPois Dex+3}
 26030 | Snake:4  | Reached XP level 17. HP: 93/93 MP: 10/29
 26292 | Snake:4  | Got a serpentine rune of Zot
 26493 | Shoals:1 | Entered Level 1 of the Shoals
 26781 | Shoals:1 | Found Wiakicra's Book Shoppe.
 26791 | Shoals:1 | Bought a book of the Moon for 520 gold pieces
 26796 | Shoals:1 | Learned a level 4 spell: Passage of Golubria
 27110 | Shoals:1 | Noticed a kraken
 27121 | Shoals:1 | Killed a kraken
 27163 | Shoals:1 | Reached skill level 5 in Hexes
 27398 | Shoals:1 | Noticed a tentacled monstrosity
 27419 | Shoals:1 | Killed a tentacled monstrosity
 27758 | Shoals:1 | Identified the ring "Zad Gale" {rC+ rN+ Will+ Str-5 Int+3}
 27763 | Shoals:1 | Got the Quarto of Mad Ravings
 27948 | Shoals:2 | Noticed Ilsuiw
 27979 | Shoals:2 | Killed Ilsuiw
 27990 | Shoals:2 | Found a flickering gateway to a bazaar.
 28000 | Shoals:2 | Noticed Polyphemus
 28021 | Shoals:2 | Reached skill level 19 in Dodging
 28027 | Shoals:2 | Killed Polyphemus
 28059 | Bazaar   | Entered a bazaar
 28061 | Bazaar   | Found Eraibov's Antique Weapon Boutique.
 28065 | Bazaar   | Found Jicezur's General Store.
 28065 | Bazaar   | Found Xeuh's Magic Scroll Boutique.
 28065 | Bazaar   | Found Uzxyirei's General Store.
 28089 | Bazaar   | Bought a scroll of revelation for 52 gold pieces
 28089 | Bazaar   | Bought a potion of curing for 21 gold pieces
 28094 | Bazaar   | Bought a scroll of enchant armour for 105 gold pieces
 28304 | Shoals:2 | Noticed Louise
 28312 | Shoals:2 | Killed Louise
 29244 | Shoals:4 | Entered Level 4 of the Shoals
 29258 | Shoals:4 | Reached XP level 18. HP: 99/99 MP: 22/31
 29430 | Shoals:4 | Noticed Roxanne
 29438 | Shoals:4 | Killed Roxanne
 29719 | Shoals:4 | Reached skill level 10 in Translocations
 30618 | Shoals:4 | Reached skill level 15 in Stealth
 30699 | Shoals:4 | Got a barnacled rune of Zot
 31914 | D:15     | Entered Level 15 of the Dungeon
 32551 | D:15     | Found Aqameif's Magic Scroll Emporium.
 32774 | D:15     | Found a staircase to the Depths.
 32983 | Vaults:1 | Entered Level 1 of the Vaults
 33078 | Vaults:1 | You fall into a shaft and drop 1 floor!
 33216 | Vaults:2 | Identified the +9 rapier of Oremp {holy, rPois rC- SInv
                  | Stlth+}
 33503 | Vaults:2 | Identified the +6 hand axe "Huotesh" {freeze, rCorr Int+3}
 33592 | Vaults:2 | Reached skill level 20 in Dodging
 34160 | Vaults:2 | Identified the +7 falchion of a Million Friends {heavy, rC+
                  | Str+3 Int+2 Dex+3}
 34370 | Vaults:3 | Reached XP level 19. HP: 64/105 MP: 12/33
 36139 | Vaults:3 | Found an ancient bone altar of Kikubaaqudgha.
 36156 | Vaults:3 | Found a staircase to the Crypt.
 36157 | Vaults:3 | Found a basalt altar of Yredelemnul.
 36185 | Vaults:3 | Identified the serpent talisman of Hedging {Str+4}
 36185 | Vaults:3 | Noticed Aizul
 36197 | Vaults:3 | Killed Aizul
 36999 | Vaults:1 | Reached skill level 1 in Shields
 38722 | Snake:3  | Bought the +0 buckler of Distant Worlds {rPois rN++ rCorr
                  | Dex-4} for 351 gold pieces
 39332 | Vaults:3 | Got Kamuac's Papyrus of the Geodesic
 39599 | Vaults:4 | Reached skill level 21 in Dodging
 40275 | Vaults:4 | Noticed Zenata
 40289 | Vaults:4 | Killed Zenata
 40398 | Vaults:4 | Found Winodd's Jewellery Shop.
 40761 | Vaults:4 | Reached XP level 20. HP: 112/112 MP: 20/34
 41218 | Depths:1 | Entered Level 1 of the Depths
 41382 | Depths:1 | Noticed Xieb Yco's ghost (veteran DjFE)
 41393 | Depths:1 | Found a runed translucent door.
 41443 | Depths:1 | Found a portal to a secret trove of treasure.
 41769 | Depths:1 | Found a one-way gate leading to the halls of Pandemonium.
 41779 | Depths:1 | Found a gateway to Hell.
 41790 | Depths:1 | You fall into a shaft and drop 1 floor!
 42076 | Depths:2 | Mangled by a spriggan berserker

Illustrated notes

Levels and vault maps discovered:
D:1:      dpeg_arrival_boxes_within_box, layout_basic,
          minmay_misc_feat_four_crosses, minmay_crystal_room,
          serial_bayou_pond_c
D:2:      minmay_spotlight, layout_basic, serial_shops, shop
D:3:      layout_loops_ring, nicolae_tso_carved_into_rock
D:4:      layout_loops_cross, kennysheep_mini, minmay_large_rounded_square
D:5:      layout_cave_pods, nicolae_qazlal_beasts_of_the_sky,
          minmay_temple_entry_sparse_star, kennysheep_generic_room_13
D:6:      layout_basic, cheibriados_altar_1, elyvilon_altar_3, uniq_eustachio,
          uniq_menkaure
D:7:      layout_basic, mainiacjoe_overflow_surrounded_room, marbit_many_paths,
          gammafunk_ghost_gnarly_gnolls, serial_shops, shop_coins,
          shop_fountains
D:8:      black_bear_nest_1, layout_cave_pools, minmay_small_thing, uniq_joseph
D:9:      layout_layer_cave, hellmonk_lair_entry_icy
D:10:     layout_rooms, overflow_temple_1_default, xom_butterflies, uniq_erica
D:11:     wad_woods_structure_01, layout_basic
D:12:     layout_loops_ring, david_orc_2, gammafunk_ghost_arena,
          portal_ice_cave_entry_pillars_2
D:13:     layout_rooms, grunt_vaults_entry_fortified, grunt_ministairs_4
D:14:     layout_basic, gauntlet_entry_generic, hangedman_incinerator
D:15:     grunt_enter_depths_snipers, layout_loops_ring, serial_shops,
          nicolae_shop_rolling_square, corexii_leaking_fountain
Temple:   hellmonk_temple_forest_ring
Lair:1:   layout_hall_layers, grunt_megastairs_1
Lair:2:   layout_loops_ring, elwin_shoals_entry_rooms, lemuel_fruit_fields,
          serial_bayou_shore_a, uniq_nergalle
Lair:3:   layout_misc_corridors, dummy_snake_entry, dpeg_oklob_1, uniq_amaemon,
          uniq_fannar
Lair:4:   layout_regular_city
Lair:5:   grunt_lair_end_beastmaster, layout_regular_city,
          nicolae_slime_entry_field_trip, uniq_sonja
Shoals:1: dreamdust_from_the_deep, layout_shoals, serial_shops, shop
Shoals:2: layout_shoals, serial_shops, bzr_entry_gold,
          nicolae_shoals_nautilus_by_nature, uniq_louise, uniq_ilsuiw,
          uniq_polyphemus
Shoals:3: layout_shoals, nicolae_shoals_wave_tunnel
Shoals:4: shoals_end_hangedman, layout_shoals, uniq_roxanne
Snake:1:  layout_concentric_octagons, minmay_shop_star
Snake:2:  layout_basic, grunt_ministairs_10, evilmike_ambush
          [evilmike_ambush_outer_basic, evilmike_ambush_inner_basic],
          minmay_shoptagon, lemuel_fruit_tree
Snake:3:  layout_cave_shapes, special_room, serial_shops, nicolae_diamond_shop,
          nicolae_shop_just_a_little_nook, shop, nicolae_shop_dealshenge,
          nicolae_shop_pleasant_corner_grove, st_stairs_8
Snake:4:  grunt_snake_rune_pools, layout_basic,
          serial_library_hellmonk_layered_room
Orc:1:    layout_caves, basic_altar
Orc:2:    hellmonk_orc_salted, layout_diamond_mine, uniq_erolcha, uniq_jorgrun,
          uniq_donald, uniq_azrael, uniq_maurice
Vaults:1: nicolae_vaults_network_s, ontoclasm_vaults_shuriken,
          nicolae_vaults_two_Ls, v_misc_30, ontoclasm_vaults_ring_square,
          nicolae_vaults_an_arrangement, nicolae_vaults_variable_pillar_hall,
          nicolae_vaults_heart-shaped_vault,
          nicolae_vaults_trapezoid_lopsided_3, nicolae_vaults_little_squares_5,
          layout_vaults_omnigrid
Vaults:2: nicolae_vaults_hexular_roomagon, nicolae_vaults_big_angled_halls,
          nicolae_vaults_alarming, vaults_room_ringed_pool,
          hangedman_vaults_restitches, nicolae_vaults_yaktaur_gun_rack,
          ontoclasm_vaults_twist, nicolae_vaults_storage_closets_3,
          v_alt_pattern_6, v_misc_24, nicolae_vaults_weapon_check,
          layout_vaults_big_cross
Vaults:3: hangedman_vaults_maws, minmay_crypt_entry_necro_gods,
          hangedman_vaults_variations, nicolae_vaults_network_barrier,
          nicolae_vaults_big_ls, nicolae_vaults_cornered_office,
          nicolae_vaults_little_ls, nicolae_vaults_security_offices_1,
          nicolae_vaults_closet_pinwheel_3, vaults_mumra_chevron,
          layout_vaults_omnibox, uniq_aizul
Vaults:4: nicolae_vaults_tangram_1, v_rooms_2, v_misc_25,
          nicolae_vaults_closet_pinwheel_1, v_alt_pattern_1, v_misc_27,
          st_lattice, vaults_standard_mumra_x, layout_vaults_chaotic_city,
          serial_shops, shop, uniq_zenata
Depths:1: layout_honeycomb, nicolae_kite_square_tiling_tiny,
          hellmonk_ghost_happy_afterlife, enter_trove_0, hell_entry,
          rand_demon_pan_entry_5, nicolae_letterblocks [nicolae_letter_subblock,
          nicolae_letter_subblock, nicolae_letter_subblock,
          nicolae_letter_subblock, nicolae_letter_subblock,
          nicolae_letter_subblock, nicolae_letter_subblock,
          nicolae_letter_subblock, nicolae_letter_subblock,
          nicolae_letter_subblock, nicolae_letter_subblock,
          nicolae_letter_subblock, nicolae_letter_subblock,
          nicolae_letter_subblock, nicolae_letter_subblock,
          nicolae_letter_subblock, nicolae_letter_subblock,
          nicolae_letter_subblock, nicolae_letter_subblock,
          nicolae_letter_subblock, nicolae_letter_subblock,
          nicolae_letter_subblock, nicolae_letter_subblock,
          nicolae_letter_subblock, nicolae_letter_subblock]
Depths:2: constructs_gauntlet_mu_hangedman, layout_twisted_cross, pan_entry,
          minmay_misc_feat_alley, serial_shops, shop, grunt_hell_horde,
          minmay_misc_feat_diagonals, minmay_gold_behind_fungi,
          nicolae_dithmenos_shadow_blocks, serial_bayou_shore_b

Skill      XL: |  1  2  3  4  5  6  7  8  9 10 11 12 13 14 15 16 17 18 19 |
---------------+----------------------------------------------------------+-----
Dodging        | 3 4 5 6 7 9 10 11 13 15 16 17 18 19 20 21 | 21.6
Fighting       | 2 3 4 5 6 7 8 10 11 12 13 14 | 14.6
Ranged Weapons | 5 6 7 8 11 13 16 17 18 | 18.0
Invocations    | 1 2 4 5 6 8 9 11 13 14 15 17 18 19 | 19.6
Stealth        | 7 10 12 14 15 16 | 16.8
Short Blades   | 4 |  4.1
Translocations | 4 8 9 11 12 | 12.0
Hexes          | 3 6 8 |  8.0
Shields        | 4 |  4.0

Action                     |  1- 3 |  4- 6 |  7- 9 | 10-12 | 13-15 | 16-18 | 19-21 || total
---------------------------+-------+-------+-------+-------+-------+-------+-------++-------
  Melee: Quick blade       |       |       |       |       |       |       |     2 ||     2
   Fire: Shortbow          |    83 |    83 |   326 |   104 |       |       |       ||   596
         Orcbow            |       |       |       |   718 |  1133 |       |       ||  1851
         Arbalest          |       |       |       |       |   306 |  1415 |   285 ||  2006
         Hand cannon       |       |       |       |       |       |       |   351 ||   351
  Throw: Throwing net      |       |       |     1 |       |     2 |       |       ||     3
         Dart              |       |       |       |       |     1 |     2 |       ||     3
   Cast: Blink             |       |       |       |       |       |     3 |     2 ||     5
         Apportation       |       |       |       |       |       |     3 |       ||     3
         Dimensional Bulls |       |       |       |       |       |     1 |     6 ||     7
 Invoke: Grow Ballistomyce |       |       |       |       |     8 |     9 |     6 ||    23
         Wall of Briars    |       |       |       |       |     2 |     5 |     3 ||    10
         Grow Oklob        |       |       |       |       |     1 |    13 |     6 ||    20
         Overgrow          |       |       |       |       |       |     1 |       ||     1
  Evoke: Wand              |       |       |       |     1 |     6 |     2 |       ||     9
    Use: Potion            |       |     1 |     1 |       |     1 |     4 |     2 ||     9
         Scroll            |       |       |    13 |     6 |     9 |     4 |     9 ||    41
   Stab: Sleeping          |       |       |       |       |       |       |     1 ||     1
 Armour: Robe              |     1 |     9 |    45 |       |    57 |   118 |    63 ||   293
         Troll leather arm |       |       |    15 |    54 |    26 |       |       ||    95
  Dodge: Dodged            |     9 |    11 |   124 |   223 |   434 |   686 |   316 ||  1803
  Block: Buckler           |       |       |       |       |       |       |    38 ||    38
         Reflection        |       |       |       |       |       |       |     1 ||     1

Table legend: (Time is in decaauts)
 A = Elapsed time spent in this place.
 B = Non-inter-level travel time spent in this place.
 C = Inter-level travel time spent in this place.
 D = Time resting spent in this place.
 E = Time spent auto-exploring this place.
 F = Levels seen in this place.
 G = Mean time per level.
                   A        B        C        D        E       F      G
               +--------+--------+--------+--------+--------+-----+--------+
         Total |  31336 |  29455 |   1881 |   4649 |  17366 |  40 |  783.4 |
       Dungeon |  10582 |   9814 |    768 |   1162 |   6543 |  15 |  705.5 |
        Temple |     14 |      2 |     12 |      0 |      0 |   1 |   14.0 |
          Lair |   3361 |   3105 |    256 |    112 |   2012 |   5 |  672.2 |
        Shoals |   3746 |   3565 |    181 |    501 |   2077 |   4 |  936.5 |
     Snake Pit |   4148 |   3924 |    224 |   1007 |   1835 |   4 | 1037.0 |
  Orcish Mines |   2062 |   1912 |    150 |    581 |    769 |   2 | 1031.0 |
        Vaults |   5855 |   5567 |    288 |    915 |   3500 |   4 | 1463.8 |
        Depths |    641 |    641 |      0 |      0 |    496 |   2 |  320.5 |
        Bazaar |     33 |     33 |      0 |      0 |      0 |   1 |   33.0 |
      Ice Cave |    510 |    510 |      0 |    276 |      1 |   1 |  510.0 |
      Gauntlet |    380 |    380 |      0 |     93 |    129 |   1 |  380.0 |
               +--------+--------+--------+--------+--------+-----+--------+

Top non-repeatable levels by time:
Vaults:3: 2450 daAuts
   Orc:2: 1553 daAuts
Shoals:4: 1454 daAuts
 Snake:1: 1365 daAuts
Vaults:1: 1251 daAuts
Shoals:1: 1195 daAuts
Vaults:4: 1180 daAuts
  Lair:5: 1096 daAuts
    D:13: 1043 daAuts
 Snake:2: 1006 daAuts
Vaults:2: 972 daAuts
     D:7: 964 daAuts
    D:11: 929 daAuts
 Snake:4: 918 daAuts
     D:6: 898 daAuts
